AoeStats
← JP

Arena

505246344Analyzed
2v2 RM · 23d ago on Sep 8, 2026· 22m 1s· 4 players
Game mode
Random Map
Map size
Medium (4 player)
Population
200
Speed
Normal
Resources
Standard
Victory
Conquest
Starting age
Dark Age
Ending age
Imperial Age
RankedLock teamsTeams togetherTeam positionsShared explorationLock speedFull tech treeHidden civsTurbo modeCheats
Victory
Defeat
🇨🇦 Cumans · Canada
1108
+16
🇻🇳 Japanese · Vietnam
1048
+18
🇩🇪 Poles · Germany
1102
-17
🇩🇪 Italians · Germany
1089
-37
Moo Deng
8:07 Loom
11:17 Feudal Age
11:50 Double-Bit Axe
12:47 Horse Collar
14:57 Forging
19:17 Castle Age
18:13 Stone Mining
20:46 Heavy Plow
21:12 Scale Barding Armor
JP
5:05 Loom
10:42 Feudal Age
14:57 Castle Age
12:55 Double-Bit Axe
13:31 Horse Collar
15:20 Fletching
19:54 Wheelbarrow
Hadi_K
10:55 Feudal Age
9:44 Loom
12:39 Man-at-Arms
13:33 Scale Mail Armor
14:49 Forging
19:26 Fletching
#South
10:48 Feudal Age
11:36 Horse Collar
15:43 Castle Age
13:56 Double-Bit Axe
14:56 Gold Mining
17:40 Gold Shaft Mining
17:33 Bow Saw
22:25 Stone Mining
Connection lost

Rejoining the realm…

Still unreachable

The connection could not be restored.

Session expired

The server has moved on; the page needs a fresh start.